 Dungeon Crawl Stone Soup version bcrawl-1.27.8b (webtiles) character file.

Game seed: 5071551029935326715

126900 MisterOstroum the Chopper (level 5, -3/42 HPs)
             Began as a Sand Dwarf Sloth Apostle on Nov 6, 2020.
             Was a Believer of Cheibriados.
             Slain by an orc priest
             ... wielding a +0 whip
              (6 damage)
             ... on level 4 of the Dungeon.
             The game lasted 00:06:07 (2904 turns).

MisterOstroum the Chopper (SDSA)                    Turns: 2904, Time: 00:06:08

Health: -3/42      AC:  6    Str: 23    XL:     5   Next: 34%
Magic:  7/7        EV: 12    Int: 17    God:    Cheibriados [**....]
Gold:   254        SH:  6    Dex: 15    Spells: 5/6 levels left

rFire    . . .     SeeInvis .   a - +1 hand axe (flame)
rCold    . . .     Gourm    .   (shield restricted)
rNeg     . . .     Faith    .   s - +0 scale mail
rPois    .         Spirit   .   (no helmet)
rElec    .         Reflect  +   (no cloak)
rCorr    .         Harm     .   (no gloves)
MR       .....                  (no boots)
Stlth    +.........             y - +6 amulet of reflection
HPRegen  0.14/turn              (no ring)
MPRegen  0.10/turn              (no ring)

@: very slow
A: small, slowness 1, armour attunement
a: Bend Time, Renounce Religion


You were on level 4 of the Dungeon.
You worshipped Cheibriados.
Cheibriados was pleased with you.
You were very hungry.

You visited 1 branch of the dungeon, and saw 4 of its levels.

You collected 254 gold pieces.

Inventory:

Hand Weapons
 a - a +1 hand axe of flaming (weapon)
 b - a +0 hunting sling
 k - a cursed -1 dagger
 x - a +0 war axe
Missiles
 i - 1118 stones (quivered)
 q - 183 sling bullets
 t - 126 bolts
 u - 129 arrows
Armour
 c - a +0 medium shield
 h - a +0 ring mail
 s - a +0 scale mail (worn)
Jewellery
 y - a +6 amulet of reflection (around neck)
Wands
 d - a wand of paralysis (10)
 p - a wand of enslavement (6)
Scrolls
 f - a scroll of immolation
 g - a scroll of blinking {unknown}
 j - a scroll of teleportation {@r3 !r}
 m - 2 scrolls of magic mapping
 n - a scroll of identify {@r1}
 o - a scroll of fear {!r}
 r - 3 scrolls of remove curse {unknown}
 v - a scroll of amnesia
Potions
 l - a potion of curing {unknown}
 w - a potion of lignification {unknown}
Comestibles
 e - 9 rations {!d}


   Skills:
 - Level 2.4 Fighting
 * Level 5.1 Axes
 + Level 1.8 Armour
 + Level 1.1 Dodging
 - Level 2.4 Stealth
 - Level 2.0 Shields
 - Level 1.0 Spellcasting
 - Level 0.7 Hexes
 - Level 3.0 Evocations


You had 5 spell levels left.
You knew the following spells:

 Your Spells              Type           Power        Failure   Level  Hunger
a - Slow                  Hex            #.......     16%         1    None
Your spell library was empty.

Dungeon Overview and Level Annotations

Branches:
Dungeon (4/12)
 Temple: D:4-7

Altars:
Cheibriados
Hepliaklqana
Makhleb
Qazlal
Ru


Innate Abilities, Weirdness & Mutations

You are small and have problems with some larger weapons.
You cover ground slowly.
Armour does not affect your spellcasting.


Message History

Press: ? - help, Shift-Dir - straight line, f/p - orc
Aim: an orc, wielding a +0 flail You shoot a stone.
The stone closely misses the orc.
The orc barely misses you.
Your +1 hand axe of flaming bursts into flame!
a - a +1 hand axe of flaming (weapon)
You closely miss the orc. You block the orc's attack.
You hit the orc. You burn the orc.
You kill the orc!
Cheibriados thoroughly appreciates the change of pace.
No target in view!
No target in view!
No target in view!
As you read the scroll of identify {@r1}, it crumbles to dust.
o - a scroll of fear
As you read the scroll labeled DAUMIZYWOMM, it crumbles to dust.
You feel aware of your surroundings.
You sensed 2 altars, and 1 shop/portal.
It was a scroll of magic mapping.
As you read the scroll labeled XOYZXE AFISI, it crumbles to dust.
You feel strangely unstable.
It was a scroll of teleportation.
As you read the scroll labeled IKLOIL LIDGHI, it crumbles to dust.
The air around you briefly surges with heat, but it dissipates.
It was a scroll of immolation.
You see here a +0 flail.
Your surroundings suddenly seem different.
An orc and an orc priest come into view.
The orc is wielding a +0 mace of protection.
The orc shouts!
The orc priest shouts!
Throwing (i - inventory)
i - 1121 stones (quivered)
Press: ? - help, Shift-Dir - straight line, f - orc priest
Aim: an orc priest, wielding a +0 hand axe You throw a stone.
The stone hits the orc but does no damage.
An orc priest comes into view. It is wielding a +0 whip.
Throwing (i - inventory)
i - 1120 stones (quivered)
Press: ? - help, Shift-Dir - straight line, f - orc, p - orc priest
Aim: an orc, wielding a +0 mace of protection and wearing a +0 ring mail You throw a stone.
The stone hits the orc but does no damage.
You hit the orc. You burn the orc.
You kill the orc!
Cheibriados thoroughly appreciates the change of pace.
Your Axes skill increases to level 5!
Throwing (i - inventory)
i - 1119 stones (quivered)
Press: ? - help, Shift-Dir - straight line, f - you
Okay, then.
The orc priest invokes the aid of Beogh against you.
You struggle to resist.
Throwing (i - inventory)
i - 1119 stones (quivered)
Press: ? - help, Shift-Dir - straight line, f - orc priest
Aim: an orc priest, wielding a +0 hand axe You throw a stone.
The stone closely misses the orc priest.
An orc priest comes into view. It is wielding a +0 whip.
Evoke which item? (* to show all) (? for menu, Esc to quit)
Aiming: Enslavement
Press: ? - help, Shift-Dir - straight line, f/p - orc priest
Aim: an orc priest, wielding a +0 hand axe (chance to defeat MR: 54%)
The orc priest is charmed.
The orc priest barely misses your orc priest.
The orc priest calls down the wrath of Beogh upon you.
Beogh smites you!
You swap places.
An orc comes into view. It is wielding a +0 club.
The orc priest invokes the aid of Beogh against you.
Beogh smites you!
Things that are here:
a +0 mace of protection; a +0 ring mail; an orc corpse The orc priest mumbles some strange prayers to Beogh against you.
You struggle to resist.
The orc priest hits you with a +0 whip.
You are feeling very hungry.
Your scale mail prevents you from hitting the orc priest.
You hit the orc priest but do no damage.
The orc priest hits you but does no damage.
The orc priest barely misses you.
Your orc priest calls down the wrath of Beogh upon the orc priest.
The orc priest is smitten.
You hit the orc priest but do no damage. x2
The orc priest hits you but does no damage.
The orc barely misses you.
Your orc priest hits the orc priest with a +0 hand axe.
Your orc priest hits the orc with a +0 hand axe.
The orc priest calls down the wrath of Beogh upon you.
Beogh smites you!
* * * LOW HITPOINT WARNING * * *
The orc priest invokes the aid of Beogh against you.
Pain shoots through your body!
* * * LOW HITPOINT WARNING * * *
You block the orc's attack.
Your orc priest barely misses the orc priest.
Your orc priest hits the orc with a +0 hand axe.
You slash the orc priest! You burn the orc priest.
You kill the orc priest!
Cheibriados thoroughly appreciates the change of pace.
You hit the orc. You burn the orc.
You kill the orc!
Cheibriados thoroughly appreciates the change of pace.
Cheibriados raises the support of your attributes as your movement slows.
You hit the orc priest but do no damage.
The orc priest hits you with a +0 whip.
You die...

.##.###..# #.###o# *,* *,
.#.#####.# #...#.# *,* *,
...#...#.# ###...$.# *,* *,
##...#...####.......# ****#.****,
....###.............***,,..,,,,,,
.##..#..##.##......,**,,..,,,*,,,
.##...<###.#**#...#***,.#**,,*,,,
....#.## #.# #..)####..# *,,,,,,
.####.# #.# ##@)o.....# *,,,,,,
.####.# #.# #o.####.##**,,,,,,
.#....# #.# #..# *,# *,,,*,,,
.#.###* #.# ##.# *,* *,*,*,,,
.#.# #.# #.# *,* *,*,*,,, .#.#
#.# ###.####.#**,*,,,,,
...#######)# #..........,,,,,,*,
....>......# #.#..##.###*,,,,,*,
.########### #.#..#*,* *,,,,,**


You could see an orc priest and a friendly orc priest.

Vanquished Creatures
  An orc priest (D:4)
  5 adders (D:3)
  An ooze (D:1)
  An adder skeleton (D:4)
  5 dart slugs
  5 leopard geckos (D:1)
  5 orcs
  A ball python (D:2)
  2 giant cockroaches (D:2)
  10 goblins
  9 hobgoblins
  2 bats (D:2)
  2 frilled lizards
  12 kobolds
  6 rats
67 creatures vanquished.

Notes
Turn   | Place    | Note
-------+----------+-------------------------------------------
     0 | D:1      | MisterOstroum the Sand Dwarf Sloth Apostle began the quest
                  | for the Orb.
     0 | D:1      | Reached XP level 1. HP: 18/18 MP: 2/2
   184 | D:1      | Reached skill level 3 in Axes
   184 | D:1      | Reached XP level 2. HP: 24/25 MP: 3/3
   429 | D:1      | Reached XP level 3. HP: 26/30 MP: 4/4
   863 | D:1      | Reached skill level 4 in Axes
  1199 | D:2      | Reached * piety under Cheibriados
  1292 | D:2      | Found a stormy altar of Qazlal.
  1432 | D:2      | Found a snail-covered altar of Cheibriados.
  1495 | D:2      | Reached XP level 4. HP: 37/37 MP: 6/6
  1937 | D:3      | Reached skill level 1 in Armour
  2037 | D:3      | Reached ** piety under Cheibriados
  2051 | D:3      | Found a hazy altar of Hepliaklqana.
  2522 | D:3      | Reached XP level 5. HP: 42/42 MP: 7/7
  2672 | D:3      | Found a sacrificial altar of Ru.
  2674 | D:3      | Found a burning altar of Makhleb.
  2701 | D:3      | Reached skill level 1 in Dodging
  2894 | D:4      | Reached skill level 5 in Axes
  2904 | D:4      | Slain by an orc priest

Skill      XL: |  1  2  3  4  5 |
---------------+----------------+-----
Axes           | 3 4 5 |  5.1
Evocations     | 2 3 |  3.0
Armour         | 1 |  1.8
Dodging        | 1 |  1.1
Fighting       | |  2.4
Stealth        | |  2.4
Shields        | |  2.0
Spellcasting   | |  1.0
Hexes          | |  0.7

Action                   |  1- 3 |  4- 6 || total
-------------------------+-------+-------++-------
Melee: Hand axe          |   123 |    73 ||   196
 Fire: Hunting sling     |    11 |    20 ||    31
Throw: Stone             |     7 |     6 ||    13
Evoke: Wand              |       |     1 ||     1
  Use: Scroll            |       |     5 ||     5
 Stab: Sleeping          |     3 |       ||     3
  Eat: Chunk             |     7 |     3 ||    10
Armor: Ring mail         |    34 |       ||    34
       Scale mail        |       |    25 ||    25
Dodge: Dodged            |    69 |    42 ||   111
Block: Medium shield     |     8 |       ||     8
       Other             |       |    11 ||    11
